[Event "Titled Tuesday Blitz November 15 Early 2022"]
[White "Hnydiuk, Aleksander"]
[Black "Torres Dominguez, David"]
[WhiteFideId "1109057"]
[BlackFideId "2220857"]
[WhiteElo "2374"]
[BlackElo "2037"]
[Result "1/2-1/2"]
[Round "01"]
[TimeControl "180+1"]
[Date "2022.11.16"]
[WhiteClock "0:00:04"]
[BlackClock "0:00:14"]

1. e4 e5 2. Nf3 Nc6 3. Bc4 Bc5 4. b4 Bxb4 5. c3 Be7 6. d4 Nf6 7. dxe5 Ng4 8. Bf4 d6 9. exd6 cxd6 10. O-O O-O 11. Nbd2 Bf6 12. Rc1 Re8 13. Bd5 Nge5 14. Nd4 a6 15. N2b3 Bd7 16. Re1 Qc7 17. Bg3 Rad8 18. h3 Ne7 19. f4 Nc4 20. Bxc4 Qxc4 21. Na5 Qc7 22. Ndb3 Nc6 23. Nxc6 Bxc6 24. Qc2 Qb6+ 25. Kh2 Rc8 26. c4 Ba4 27. Qd3 Be7 28. Nd4 Bf6 29. Nf5 Rcd8 30. Re2 Bd7 31. Bf2 Qa5 32. Ne3 Bc6 33. Nd5 Bxd5 34. cxd5 Rc8 35. Rec2 Rxc2 36. Rxc2 g6 37. Bd4 Bxd4 38. Qxd4 Qe1 39. a4 Qxe4 40. Qxe4 Rxe4 41. Rc7 Rxf4 42. Rxb7 Rxa4 43. Rb6 Kf8 44. Rxd6 Ke7 45. Rb6 h6 46. Kg3 Ra5 47. Kf3 Rxd5 48. Rxa6 Rd6 49. Ra7+ Ke6 50. Ra4 Kf6 51. h4 Re6 52. Kg3 Rc6 53. Rf4+ Ke6 54. Re4+ Kf6 55. Rf4+ Kg7 56. Re4 Rc3+ 57. Kh2 f5 58. Re6 Rc7 59. g3 Kf7 60. Rd6 Re7 61. h5 Re6 62. hxg6+ Rxg6 63. Rd7+ Kf6 64. Rc7 Kg5 65. Kh3 Ra6 66. Rc5 Ra3 67. Rb5 h5 68. Kg2 Ra2+ 69. Kf3 Ra3+ 70. Kg2 Rc3 71. Ra5 Rb3 72. Rc5 Rb4 73. Kf3 Rb3+ 74. Kg2 Re3 75. Kf2 Re4 76. Rc3 Kg4 77. Rf3 Rb4 78. Rd3 Rb2+ 79. Kg1 h4 80. gxh4 Kxh4 81. Rf3 Kg4 82. Rc3 f4 83. Ra3 f3 84. Ra8 Kg3 85. Rg8+ Kf4 86. Rf8+ Ke3 87. Re8+ Kf4 88. Rf8+ Kg3 89. Rg8+ Kh4 90. Rh8+ Kg5 91. Rg8+ Kf4 92. Rf8+ 1/2-1/2


[Site "https://www.chess.com"]

[Event "Titled Tuesday Blitz November 15 Early 2022"]
[White "Ibadov, Dashgyn"]
[Black "Shimanov, Aleksandr"]
[WhiteFideId "24107514"]
[BlackFideId "4198603"]
[WhiteElo "2488"]
[BlackElo "2915"]
[Result "0-1"]
[Round "01"]
[TimeControl "180+1"]
[Date "2022.11.16"]
[WhiteClock "0:00:02"]
[BlackClock "0:00:54"]

1. e4 c6 2. d4 d5 3. e5 Bf5 4. Nf3 e6 5. Be2 Ne7 6. O-O h6 7. a4 Nd7 8. a5 a6 9. b4 Nc8 10. c3 Be7 11. Na3 Na7 12. Nc2 Nb5 13. Bd2 O-O 14. Ne3 Bh7 15. Ne1 b6 16. f4 f5 17. Kh1 Kh8 18. Rg1 c5 19. bxc5 bxc5 20. Nf3 Nb8 21. Bxb5 axb5 22. dxc5 Bxc5 23. Nd4 Qd7 24. Qb3 b4 25. Nec2 bxc3 26. Bxc3 Na6 27. Rgb1 Rfc8 28. Nb5 Bg8 29. Ncd4 Bf7 30. Qd1 Rab8 31. Qd3 Ra8 32. Nd6 Bxd6 33. exd6 Nc5 34. Qe3 Ne4 35. Bb2 Bh5 36. h3 Qxd6 37. Ba3 Qd7 38. Bb4 Rc4 39. a6 Qa7 40. Nc2 Rxc2 41. Qxa7 Rxa7 0-1


[Site "https://www.chess.com"]

[Event "Titled Tuesday Blitz November 15 Early 2022"]
[White "Ibarra Jerez, Jose Carlos"]
[Black "Rostomyan, Mikayel"]
[WhiteFideId "2226332"]
[BlackFideId "13313754"]
[WhiteElo "2638"]
[BlackElo "2009"]
[Result "1-0"]
[Round "01"]
[TimeControl "180+1"]
[Date "2022.11.16"]
[WhiteClock "0:00:10"]
[BlackClock "0:00:01"]

1. e4 c5 2. Nf3 Nc6 3. d4 cxd4 4. Nxd4 g6 5. Nc3 Bg7 6. Be3 Nf6 7. Bc4 O-O 8. Bb3 d5 9. exd5 Na5 10. Qf3 Bg4 11. Qg3 Nxb3 12. axb3 Bh5 13. d6 Ng4 14. O-O Be5 15. f4 Bxd6 16. Ndb5 a6 17. Nxd6 Qxd6 18. h3 Nh6 19. Qf2 f5 20. Bd4 Nf7 21. Rae1 Rfe8 22. Be5 Qc6 23. Re3 b5 24. Rfe1 b4 25. Na4 Rad8 26. c4 Bd1 27. Kh2 Bxb3 28. Rxb3 Qxa4 29. Rbe3 Qc6 30. b3 a5 31. Ba1 e5 32. Bxe5 Nxe5 33. Rxe5 Rxe5 34. Rxe5 a4 35. Re7 a3 36. Qh4 h5 37. Qg5 Rd2 38. Ra7 a2 39. c5 h4 40. Ra5 Qd5 41. Qxg6+ Kf8 42. Ra7 1-0


[Site "https://www.chess.com"]

[Event "Titled Tuesday Blitz November 15 Early 2022"]
[White "Ince, Taylan Ruzgar"]
[Black "Ardila, Oscar Humberto"]
[WhiteFideId "44513089"]
[BlackFideId "4404742"]
[WhiteElo "2147"]
[BlackElo "1959"]
[Result "1-0"]
[Round "01"]
[TimeControl "180+1"]
[Date "2022.11.16"]
[WhiteClock "0:02:05"]
[BlackClock "0:01:32"]

1. Nf3 Nf6 2. d4 g6 3. g3 Bg7 4. Bg2 O-O 5. b3 d6 6. Bb2 Nbd7 7. O-O c6 8. c4 Qc7 9. Nc3 e5 10. d5 cxd5 11. cxd5 a6 12. Rc1 Qd8 13. a4 Nc5 14. b4 Ncd7 15. Nd2 b6 16. Nc4 Ne8 17. Ne4 Ndf6 18. Nxf6+ Bxf6 19. a5 bxa5 20. Nxa5 Bd7 21. Nc6 Qb6 22. Qa4 Kh8 23. Kh1 Nc7 24. f4 e4 25. Bxf6+ Kg8 26. Ne7# 1-0


[Site "https://www.chess.com"]

[Event "Titled Tuesday Blitz November 15 Early 2022"]
[White "Ingebretsen, Jens E"]
[Black "Shapiro, Daniel"]
[WhiteFideId "1522965"]
[BlackFideId "2001780"]
[WhiteElo "2213"]
[BlackElo "2289"]
[Result "1-0"]
[Round "01"]
[TimeControl "180+1"]
[Date "2022.11.16"]
[WhiteClock "0:00:33"]
[BlackClock "0:00:13"]

1. d4 Nf6 2. Nf3 b6 3. c4 e6 4. a3 d5 5. e3 Be7 6. Nc3 O-O 7. Bd3 Bb7 8. O-O Ne4 9. Qc2 f5 10. b4 Nd7 11. Bb2 Bf6 12. Rac1 Qe7 13. cxd5 exd5 14. Ne2 c6 15. Ne1 g6 16. g3 Rfc8 17. f3 Nd6 18. Ng2 a5 19. Qb3 Ba6 20. Bxa6 Rxa6 21. Rxc6 Rxc6 22. Qxd5+ Kg7 23. Qxc6 axb4 24. axb4 Ra2 25. Rb1 Nb8 26. Qd5 b5 27. Qxa2 Nc4 28. Bc1 Nc6 29. Qc2 Nxb4 30. Qb3 Nd5 31. Kf2 Nc7 32. Qb4 Qe6 33. Ba3 g5 34. Qf8+ Kg6 35. Bc5 Bg7 36. Ngf4+ gxf4 37. Nxf4+ Kh6 38. Nxe6 Bxf8 39. Bxf8+ Kg6 40. Nxc7 Kf7 41. Nxb5 Kxf8 42. Rc1 Nb6 43. Rc6 Nd5 44. Rc5 Nb4 45. Rxf5+ Ke7 46. Nc3 Ke6 47. e4 1-0


[Site "https://www.chess.com"]

[Event "Titled Tuesday Blitz November 15 Early 2022"]
[White "Injac, Teodora"]
[Black "Novikova, Galina"]
[WhiteFideId "932400"]
[BlackFideId "4157095"]
[WhiteElo "2286"]
[BlackElo "1973"]
[Result "1-0"]
[Round "01"]
[TimeControl "180+1"]
[Date "2022.11.16"]
[WhiteClock "0:00:49"]
[BlackClock "0:00:04"]

1. d4 e6 2. Nf3 f5 3. g3 Nf6 4. Bg2 Be7 5. O-O d6 6. b3 O-O 7. c4 Ne4 8. Bb2 Nd7 9. Nc3 Ndf6 10. Qc2 c6 11. Rad1 Qe8 12. Ne1 Qh5 13. Nd3 g5 14. f3 Nxc3 15. Bxc3 Bd7 16. a4 Be8 17. a5 a6 18. Bb4 Bg6 19. Qd2 Rad8 20. Qe3 Bf7 21. Ne5 dxe5 22. Bxe7 exd4 23. Rxd4 Rxd4 24. Qxd4 Ne8 25. Bxf8 Kxf8 26. Qh8+ Ke7 27. Rd1 f4 28. Qe5 fxg3 29. hxg3 Qg6 30. e4 h5 31. c5 h4 32. b4 hxg3 33. Qxg3 Nf6 34. Qd6+ Ke8 35. Qd8# 1-0


[Site "https://www.chess.com"]

[Event "Titled Tuesday Blitz November 15 Early 2022"]
[White "Ivic, Velimir"]
[Black "Fernandez Garcia, Gumersindo"]
[WhiteFideId "950122"]
[BlackFideId "24516740"]
[WhiteElo "2625"]
[BlackElo "2140"]
[Result "1/2-1/2"]
[Round "01"]
[TimeControl "180+1"]
[Date "2022.11.16"]
[WhiteClock "0:00:10"]
[BlackClock "0:00:38"]

1. e4 c5 2. Nf3 e6 3. d4 cxd4 4. Nxd4 Nf6 5. Nc3 Nc6 6. Ndb5 Bb4 7. a3 Bxc3+ 8. Nxc3 d5 9. exd5 exd5 10. Bd3 O-O 11. O-O Bg4 12. Qd2 Re8 13. h3 Bh5 14. Qg5 Bg6 15. Bxg6 hxg6 16. Rd1 d4 17. Bf4 Nh5 18. Qg4 Qc8 19. Nd5 Qxg4 20. hxg4 Nxf4 21. Nxf4 Re4 22. g3 g5 23. Nd3 Re2 24. Rac1 f6 25. Re1 Rae8 26. Rxe2 Rxe2 27. Kf1 Re4 28. f3 Re3 29. Kf2 Ne5 30. Nxe5 fxe5 31. Rh1 e4 32. fxe4 Rxe4 33. Rd1 Kf7 34. Rd3 Ke6 35. Rb3 b6 36. Rb5 Re5 37. Rb4 Re4 38. c3 Kd5 39. cxd4 Rxd4 40. Rb5+ Ke4 41. Rxg5 Rd2+ 42. Ke1 Rxb2 43. Rxg7 a5 44. g5 Kf5 45. g6 Rb3 46. a4 Rxg3 47. Kd2 Rg4 48. Rg8 Kf6 49. g7 Kf7 50. Rb8 Kxg7 51. Rxb6 Rxa4 52. Kc3 Kf7 53. Kb3 Ra1 54. Kb2 Ra4 55. Kb3 Rd4 56. Ra6 a4+ 57. Rxa4 Rxa4 58. Kxa4 1/2-1/2


[Site "https://www.chess.com"]

[Event "Titled Tuesday Blitz November 15 Early 2022"]
[White "Izuzquiza Gonzalez, Javier"]
[Black "Atakishiyev, Elmar"]
[WhiteFideId "3101029"]
[BlackFideId "13410547"]
[WhiteElo "2034"]
[BlackElo "2194"]
[Result "0-1"]
[Round "01"]
[TimeControl "180+1"]
[Date "2022.11.16"]
[WhiteClock "0:00:03"]
[BlackClock "0:00:48"]

1. d4 Nf6 2. c4 g6 3. Nf3 Bg7 4. g3 O-O 5. Bg2 d5 6. O-O Nc6 7. cxd5 Nxd5 8. Nc3 e5 9. Nxd5 e4 10. Ng5 Qxd5 11. Nxe4 Qxd4 12. Qb3 Qb4 13. Bf4 Qxb3 14. axb3 Nd4 15. Bxc7 Nxe2+ 16. Kh1 Nd4 17. Nc5 a6 18. Rfd1 Ne6 19. Bd6 Nxc5 20. Bxc5 Re8 21. Bd4 Bg4 22. f3 Be6 23. Bxg7 Kxg7 24. f4 Rac8 25. Bxb7 Rc2 26. Rxa6 Rxb2 27. Rad6 Bg4 28. Rc1 Ree2 29. h4 Rxb3 30. Bd5 Rxg3 31. Bc4 Bf3# 0-1


[Site "https://www.chess.com"]

[Event "Titled Tuesday Blitz November 15 Early 2022"]
[White "Jaskolka, Tomasz"]
[Black "Alekseenko, Kirill"]
[WhiteFideId "1170791"]
[BlackFideId "4135539"]
[WhiteElo "2126"]
[BlackElo "2682"]
[Result "0-1"]
[Round "01"]
[TimeControl "180+1"]
[Date "2022.11.15"]
[WhiteClock "0:00:24"]
[BlackClock "0:00:37"]

1. d4 d5 2. Bf4 Nf6 3. e3 c6 4. Nd2 g6 5. c3 Nh5 6. Bg5 Nd7 7. Bd3 Qb6 8. Qb3 h6 9. Bh4 g5 10. Bg3 Bg7 11. Ngf3 Nxg3 12. hxg3 e6 13. e4 Nf6 14. e5 Nd7 15. O-O-O c5 16. Qxb6 axb6 17. a3 c4 18. Bc2 b5 19. Nf1 Ke7 20. Ne3 Nb6 21. Nh2 f5 22. exf6+ Bxf6 23. Nf3 Bg7 24. Ng4 Bd7 25. Nge5 Be8 26. Bg6 Kd6 27. Rde1 Bxg6 28. Nxg6 Rhe8 29. Nge5 Re7 30. g4 Rg8 31. Kc2 Na8 32. Re2 Nc7 33. Rhe1 Ree8 34. Nf7+ Ke7 35. N7e5 Bh8 36. Rf1 Ref8 37. Rfe1 Rf6 38. Re3 Rgf8 39. R1e2 Kd6 40. g3 Bg7 41. Kd2 Na8 42. Kc2 Nb6 43. Re1 Nc8 44. R1e2 Kc7 45. Re1 Nd6 46. R1e2 Ne4 47. Re1 Nxf2 48. R1e2 Ne4 49. Rg2 Kd6 50. Kc1 Rh8 51. Kc2 h5 52. Rxe4 dxe4 53. Nxg5 Kd5 54. Re2 hxg4 55. Nxe4 Rf5 56. Nc5 Bxe5 57. a4 Bxg3 58. a5 Rf2 59. Rxf2 Bxf2 60. a6 bxa6 61. Nxa6 g3 62. Kd2 g2 63. Ke2 g1=Q 64. Kf3 Rf8+ 65. Ke2 Qe1# 0-1


[Site "https://www.chess.com"]

[Event "Titled Tuesday Blitz November 15 Early 2022"]
[White "Jeet, Jain"]
[Black "Dubov, Daniil"]
[WhiteFideId "5073022"]
[BlackFideId "24126055"]
[WhiteElo "2067"]
[BlackElo "2791"]
[Result "0-1"]
[Round "01"]
[TimeControl "180+1"]
[Date "2022.11.15"]
[WhiteClock "0:00:12"]
[BlackClock "0:01:22"]

1. Nf3 Nf6 2. g3 b6 3. Bg2 Bb7 4. O-O c5 5. c4 g6 6. b3 Bg7 7. Bb2 O-O 8. d4 cxd4 9. Nxd4 Bxg2 10. Kxg2 d5 11. cxd5 Nxd5 12. e4 Nb4 13. Qd2 N8c6 14. Nxc6 Nxc6 15. Bxg7 Kxg7 16. Qxd8 Rfxd8 17. Nc3 Rd2 18. Rfd1 Rad8 19. Nd5 Rb2 20. Rac1 Ne5 21. Nxe7 Rxd1 22. Rxd1 Ng4 23. Rd7 Rxf2+ 24. Kg1 Rxa2 25. Nc6 Nxh2 26. Nxa7 Nf3+ 27. Kf1 Nd2+ 28. Ke2 Nxe4+ 29. Kf3 Nd2+ 30. Kg4 Nxb3 31. Rb7 Nc5 32. Rc7 h5+ 33. Kh3 Ne4 34. Re7 Ng5+ 35. Kh4 Nf3+ 0-1


[Site "https://www.chess.com"]

[Event "Titled Tuesday Blitz November 15 Early 2022"]
[White "Jumabayev, Rinat"]
[Black "Jain, Naveen"]
[WhiteFideId "13702661"]
[BlackFideId "5003970"]
[WhiteElo "2561"]
[BlackElo "2036"]
[Result "1-0"]
[Round "01"]
[TimeControl "180+1"]
[Date "2022.11.16"]
[WhiteClock "0:00:31"]
[BlackClock "0:00:03"]

1. e4 Nf6 2. e5 Nd5 3. d4 d6 4. Nf3 dxe5 5. Nxe5 c6 6. Be2 Bf5 7. O-O Nd7 8. Nf3 h6 9. c4 N5b6 10. Nc3 e6 11. Bf4 Be7 12. Re1 O-O 13. Qd2 Bf6 14. Rad1 Qc8 15. Qe3 Re8 16. Bd6 Be7 17. Bxe7 Rxe7 18. d5 cxd5 19. cxd5 Qc5 20. d6 Qxe3 21. fxe3 Ree8 22. Nd4 Bg6 23. Bf3 e5 24. Ndb5 e4 25. Be2 Rac8 26. Nxa7 Rc5 27. Rd4 f5 28. Nab5 Bf7 29. b4 Rcc8 30. Nc7 Red8 31. a4 Ne5 32. a5 Nbc4 33. Bxc4 Bxc4 34. b5 Bd3 35. N3d5 Rd7 36. Ne7+ Rxe7 37. dxe7 Rxc7 38. e8=Q+ Kh7 39. Qxe5 1-0


[Site "https://www.chess.com"]

[Event "Titled Tuesday Blitz November 15 Early 2022"]
[White "Kaidanov, Gregory"]
[Black "Manon-og, Ramon Jr."]
[WhiteFideId "2008564"]
[BlackFideId "5200776"]
[WhiteElo "2654"]
[BlackElo "2300"]
[Result "0-1"]
[Round "01"]
[TimeControl "180+1"]
[Date "2022.11.16"]
[WhiteClock "0:00:08"]
[BlackClock "0:00:15"]

1. Nf3 Nf6 2. g3 g6 3. Bg2 c6 4. b3 Bg7 5. Bb2 d5 6. O-O O-O 7. c4 Bf5 8. d3 Nbd7 9. Nbd2 Re8 10. Nh4 Bg4 11. h3 Be6 12. Qc2 Nf8 13. e4 Qd7 14. Kh2 Rad8 15. Rad1 dxe4 16. dxe4 Qd3 17. Qc1 Bh6 18. f4 Bg7 19. e5 Nh5 20. Ne4 Qe2 21. Rde1 Qd3 22. Rd1 Qe2 23. Rxd8 Rxd8 24. Rf2 Qd1 25. Qxd1 Rxd1 26. g4 f5 27. exf6 Nxf6 28. Ng5 Bxg4 29. Nhf3 Bf5 30. Ne5 h6 31. Ngf3 Ne4 32. Re2 Ne6 33. Nh4 Nd2 34. Nhxg6 Bxg6 35. Nxg6 Bxb2 36. Rxe6 Kf7 37. f5 Nf1+ 38. Bxf1 Rxf1 39. Ne5+ Bxe5+ 40. Rxe5 Kf6 41. Re6+ Kf7 42. Re5 Rf2+ 43. Kg3 Rxa2 44. Re6 Rb2 45. Rxh6 Rxb3+ 46. Kg4 Rc3 47. Rh7+ Kf6 48. Rh6+ Kf7 49. Rh7+ Kf6 50. Rh6+ Kg7 51. Re6 Kf7 52. h4 Rxc4+ 53. Kg5 Rc1 54. Rh6 Rg1+ 55. Kf4 a5 56. Rh8 a4 57. Ra8 Rh1 58. Kg5 Ra1 59. h5 a3 60. h6 a2 61. h7 Rg1+ 62. Kf4 Rh1 63. Rxa2 Rxh7 64. Rb2 b5 65. Rc2 Rh6 66. Kg5 Rd6 67. Rh2 Rd5 68. Rh7+ Ke8 69. Rh8+ Kd7 70. Kg6 b4 71. Rh7 Kd6 72. Rh8 b3 73. Rb8 Rb5 74. Rd8+ Kc7 75. Rd1 b2 76. Rb1 c5 77. Kf7 Kd7 78. Rd1+ Kc7 79. Rb1 c4 80. Kxe7 c3 81. f6 Rf5 82. f7 Rxf7+ 83. Kxf7 c2 84. Rxb2 c1=Q 85. Rf2 Qc4+ 86. Kg6 Qg4+ 87. Kf7 Qh5+ 88. Kf8 Qc5+ 89. Kg7 Qxf2 0-1


[Site "https://www.chess.com"]

[Event "Titled Tuesday Blitz November 15 Early 2022"]
[White "Kaminski, Victor"]
[Black "Papasimakopoulos, Alexandros"]
[WhiteFideId "1131630"]
[BlackFideId "4244125"]
[WhiteElo "2181"]
[BlackElo "2365"]
[Result "0-1"]
[Round "01"]
[TimeControl "180+1"]
[Date "2022.11.16"]
[WhiteClock "0:00:01"]
[BlackClock "0:00:50"]

1. d4 e6 2. c4 Nf6 3. g3 Bb4+ 4. Bd2 Be7 5. Bg2 d5 6. Nf3 O-O 7. O-O Ne4 8. Be1 c6 9. Qc2 f5 10. e3 Bd7 11. a3 Be8 12. Bb4 Nd7 13. Bxe7 Qxe7 14. Nc3 Bh5 15. Ne5 Nxe5 16. dxe5 Qc5 17. Nxe4 dxe4 18. Qc3 Rfd8 19. b4 Qe7 20. Rfc1 Rd3 21. Qb2 Rad8 22. Bf1 Rd2 23. Rc2 R2d7 24. Qc3 Bd1 25. Rb2 b6 26. Raa2 c5 27. Rd2 Bf3 28. h3 g5 29. Rxd7 Qxd7 30. Rb2 Qd1 31. bxc5 bxc5 32. Qc2 Qxc2 33. Rxc2 Rd1 34. g4 fxg4 35. hxg4 Bxg4 36. Rb2 Bf3 0-1


[Site "https://www.chess.com"]

[Event "Titled Tuesday Blitz November 15 Early 2022"]
[White "Kamsky, Gata"]
[Black "Saravana, Krishnan P."]
[WhiteFideId "2000024"]
[BlackFideId "5018382"]
[WhiteElo "2666"]
[BlackElo "2155"]
[Result "1-0"]
[Round "01"]
[TimeControl "180+1"]
[Date "2022.11.15"]
[WhiteClock "0:01:24"]
[BlackClock "0:00:16"]

1. e4 e6 2. d4 d5 3. Nc3 Nf6 4. e5 Nfd7 5. f4 c5 6. Nf3 Nc6 7. Be3 a6 8. g3 b5 9. Bg2 Qb6 10. Ne2 f6 11. exf6 Nxf6 12. dxc5 Bxc5 13. Bxc5 Qxc5 14. Ned4 Qb4+ 15. Qd2 Nxd4 16. Nxd4 Qxb2 17. O-O Qa3 18. Rfe1 Qc5 19. Kh1 O-O 20. Nxe6 Bxe6 21. Rxe6 Rfc8 22. Rxf6 gxf6 23. Qxd5+ Qxd5 24. Bxd5+ Kf8 25. Bxa8 Rxa8 26. a4 Rc8 27. axb5 axb5 28. Ra2 Rc3 29. Kg2 h5 30. Kh3 Kg7 31. Kh4 Kg6 32. Rb2 Rc5 33. h3 Rf5 34. Ra2 Rc5 35. Ra5 Rxc2 36. Rxb5 Rc8 37. Rxh5 f5 38. g4 fxg4 39. hxg4 Rc4 40. f5+ Kf6 41. Rh6+ Kg7 42. Ra6 Kf7 43. Kg5 Rc1 44. Ra7+ Kg8 45. Kg6 Rc6+ 46. f6 Rc8 47. Rg7+ Kf8 48. Rh7 1-0


[Site "https://www.chess.com"]

[Event "Titled Tuesday Blitz November 15 Early 2022"]
[White "Kazancev, Valerij M"]
[Black "Tanenbaum, Zachary"]
[WhiteFideId "4179609"]
[BlackFideId "2060850"]
[WhiteElo "2369"]
[BlackElo "2175"]
[Result "0-1"]
[Round "01"]
[TimeControl "180+1"]
[Date "2022.11.16"]
[WhiteClock "0:00:06"]
[BlackClock "0:00:04"]

1. c4 e5 2. Nc3 Nc6 3. g3 Nf6 4. Bg2 Bc5 5. e3 O-O 6. Nge2 Re8 7. h3 d6 8. a3 a6 9. O-O Ne7 10. d3 Ng6 11. b4 Ba7 12. Ra2 c6 13. a4 Be6 14. b5 Qc8 15. Kh2 h5 16. Rb2 h4 17. g4 d5 18. cxd5 cxd5 19. b6 Bb8 20. e4 d4 21. Nb1 Bd6 22. a5 Qd7 23. Bg5 Nh7 24. Bd2 Rac8 25. Kg1 Qe7 26. f4 exf4 27. Nxf4 Nxf4 28. Bxf4 Bxf4 29. Rxf4 Qg5 30. Rbf2 Qxa5 31. e5 Qxb6 32. Nd2 Ng5 33. Qa4 Qc7 34. Qxd4 Rcd8 35. Qe3 Bd5 36. d4 Bxg2 37. Kxg2 Qc6+ 38. Kh2 Rd7 39. Rf5 Ne6 40. Nf3 Red8 41. Nxh4 Nxd4 42. Rh5 Ne6 43. Nf5 Qc7 44. Nh6+ Kf8 45. Qa3+ Qc5 46. Qxc5+ Nxc5 47. Nf5 Kg8 48. Nd6 Ne6 49. Rhf5 b5 50. Nxf7 Rf8 51. Nd6 Rxf5 52. gxf5 Nc5 0-1


[Site "https://www.chess.com"]

[Event "Titled Tuesday Blitz November 15 Early 2022"]
[White "Khamdamova, Afruza"]
[Black "Gholami Orimi, Mahdi"]
[WhiteFideId "14210444"]
[BlackFideId "12558486"]
[WhiteElo "2018"]
[BlackElo "2330"]
[Result "0-1"]
[Round "01"]
[TimeControl "180+1"]
[Date "2022.11.16"]
[WhiteClock "0:00:02"]
[BlackClock "0:00:15"]

1. e4 c5 2. Nf3 Nc6 3. d4 cxd4 4. Nxd4 Nf6 5. Nc3 d6 6. Be2 g6 7. Be3 Bg7 8. Qd2 O-O 9. O-O-O Bd7 10. f3 Rc8 11. Kb1 Ne5 12. g4 Nc4 13. Bxc4 Rxc4 14. h4 h5 15. Nd5 Nxg4 16. fxg4 Bxg4 17. Rdf1 e6 18. Nc3 a6 19. Nde2 b5 20. Bd4 b4 21. Bxg7 Kxg7 22. Nd1 Rxe4 23. Ng3 Re5 24. Qxb4 Rb5 25. Qc3+ e5 26. Ne3 Be6 27. Rhg1 Kh8 28. Ne4 Qb6 29. Rxg6 Rc8 30. Rh6+ Kg7 31. Nf5+ Bxf5 32. Qg3+ Bg4 33. Rxh5 Rxb2+ 34. Kc1 Rcxc2# 0-1


[Site "https://www.chess.com"]

[Event "Titled Tuesday Blitz November 15 Early 2022"]
[White "Khandelwal, Ankush"]
[Black "Harshavardhan G B"]
[WhiteFideId "413470"]
[BlackFideId "25059009"]
[WhiteElo "2271"]
[BlackElo "2333"]
[Result "0-1"]
[Round "01"]
[TimeControl "180+1"]
[Date "2022.11.16"]
[WhiteClock "0:00:09"]
[BlackClock "0:01:00"]

1. e4 e5 2. Nf3 Nc6 3. d4 exd4 4. Nxd4 Nf6 5. Nxc6 bxc6 6. e5 Qe7 7. Qe2 Nd5 8. g3 g6 9. c4 Nb6 10. b3 Bg7 11. Bb2 d6 12. Bg2 Bd7 13. O-O dxe5 14. Re1 O-O-O 15. a4 Kb8 16. a5 Nc8 17. c5 Qxc5 18. Ra4 Bf5 19. Ba3 Qc2 20. Rb4+ Nb6 21. axb6 cxb6 22. Qa6 Bc8 23. Rxb6+ axb6 24. Qxb6+ Bb7 25. Bc5 Rd1 26. Qa7+ Kc8 27. Qa5 Qxb1 0-1


[Site "https://www.chess.com"]

[Event "Titled Tuesday Blitz November 15 Early 2022"]
[White "Kirillov, Dmitry"]
[Black "Pichot, Alan"]
[WhiteFideId "34180572"]
[BlackFideId "110973"]
[WhiteElo "2095"]
[BlackElo "2560"]
[Result "0-1"]
[Round "01"]
[TimeControl "180+1"]
[Date "2022.11.16"]
[WhiteClock "0:00:19"]
[BlackClock "0:00:54"]

1. e4 c5 2. Nc3 a6 3. g3 g6 4. Bg2 Bg7 5. d3 Nc6 6. Nge2 d6 7. Be3 Nf6 8. h3 O-O 9. O-O Rb8 10. Qd2 b5 11. f4 b4 12. Nd1 Bd7 13. g4 Ne8 14. f5 Ne5 15. Qe1 a5 16. Qh4 e6 17. Qxd8 Rxd8 18. fxe6 fxe6 19. Rxf8+ Kxf8 20. Nf2 Nc7 21. Rf1 Kg8 22. g5 Nb5 23. h4 a4 24. Bh3 a3 25. b3 Re8 26. Ng4 Rf8 27. Nf6+ Bxf6 28. gxf6 Kf7 29. d4 cxd4 30. Nxd4 Nc3 31. Bd2 Rc8 32. h5 Nxa2 33. hxg6+ hxg6 34. Nf3 Nxf3+ 35. Rxf3 Rxc2 36. Rf2 Nc3 37. Bxc3 Rxf2 38. Kxf2 bxc3 0-1


[Site "https://www.chess.com"]

[Event "Titled Tuesday Blitz November 15 Early 2022"]
[White "Kiseljova, Marya"]
[Black "Ovchinnikov, Vsevolod"]
[WhiteFideId "4155009"]
[BlackFideId "24176842"]
[WhiteElo "1907"]
[BlackElo "2376"]
[Result "1-0"]
[Round "01"]
[TimeControl "180+1"]
[Date "2022.11.16"]
[WhiteClock "0:00:05"]
[BlackClock "0:00:09"]

1. d4 Nf6 2. c4 g6 3. Nc3 d5 4. cxd5 Nxd5 5. Bd2 Bg7 6. e4 Nxc3 7. Bxc3 O-O 8. Qd2 Nd7 9. Bc4 c5 10. d5 Bxc3 11. Qxc3 a6 12. a4 Nf6 13. f3 Bd7 14. a5 b5 15. axb6 Qxb6 16. Ne2 Rfb8 17. O-O Qxb2 18. Rxa6 Rxa6 19. Bxa6 Qxc3 20. Nxc3 e6 21. Rd1 Rb3 22. Ne2 exd5 23. exd5 Kf8 24. Kf2 Ra3 25. Bc4 Ra4 26. Rc1 Ke7 27. d6+ Kxd6 28. Bxf7 Ra3 29. Nc3 Bc6 30. Bc4 Nd7 31. Bb5 Rb3 32. Bxc6 Kxc6 33. Ne4 Rb2+ 34. Kg3 h6 35. h4 Rb6 36. Kf4 h5 37. Kg5 Kd5 38. Nc3+ Ke6 39. Kxg6 Ke5+ 40. Kxh5 Kf4 41. Ne2+ Ke3 42. Rc2 Kd3 43. Ra2 c4 44. Nf4+ Ke3 45. Nd5+ Kd4 46. Nxb6 Nxb6 47. Ra6 Nd5 48. Rd6 c3 49. Rc6 Nf4+ 50. Kg5 Nxg2 51. h5 Ne1 52. h6 Nxf3+ 53. Kh5 Ne5 54. Rxc3 Kxc3 55. h7 Nf7 56. Kg6 Nh8+ 57. Kg7 Kd4 58. Kxh8 Ke5 59. Kg7 Ke6 60. h8=Q 1-0


[Site "https://www.chess.com"]

[Event "Titled Tuesday Blitz November 15 Early 2022"]
[White "Kollars, Dmitrij"]
[Black "Biastoch, Bennet"]
[WhiteFideId "12909572"]
[BlackFideId "12939889"]
[WhiteElo "2584"]
[BlackElo "2221"]
[Result "1-0"]
[Round "01"]
[TimeControl "180+1"]
[Date "2022.11.15"]
[WhiteClock "0:00:13"]
[BlackClock "0:00:53"]

1. Nf3 d5 2. g3 g6 3. Bg2 Bg7 4. d4 c6 5. O-O Nf6 6. c4 O-O 7. a4 Nbd7 8. a5 Re8 9. Qb3 e5 10. dxe5 Nxe5 11. Nxe5 Rxe5 12. Nc3 d4 13. Rd1 Rxa5 14. Rxa5 Qxa5 15. Rxd4 Nd7 16. Rd1 Nc5 17. Qc2 Be6 18. Ne4 Nxe4 19. Bxe4 Qb4 20. b3 a5 21. Bd2 Qc5 22. Be3 Qb4 23. Kg2 a4 24. bxa4 Qxc4 25. Rb1 Qxa4 26. Qxa4 Rxa4 27. Rxb7 h5 28. Bxc6 Ra2 29. Bf3 Kh7 30. Rc7 Ra6 31. h4 Rd6 32. Ba7 Bd5 33. Bxd5 Rxd5 34. Rxf7 Re5 35. Rxg7+ 1-0


[Site "https://www.chess.com"]

[Event "Titled Tuesday Blitz November 15 Early 2022"]
[White "Kopacz, Grzegorz"]
[Black "Garcia Ramos, Daniel"]
[WhiteFideId "1109880"]
[BlackFideId "32010311"]
[WhiteElo "2037"]
[BlackElo "2357"]
[Result "0-1"]
[Round "01"]
[TimeControl "180+1"]
[Date "2022.11.16"]
[WhiteClock "0:00:31"]
[BlackClock "0:00:20"]

1. d4 d5 2. c4 e6 3. Nc3 Nf6 4. Bg5 Be7 5. Nf3 h6 6. Bh4 O-O 7. e3 b6 8. cxd5 Nxd5 9. Bxe7 Qxe7 10. Bd3 Bb7 11. O-O Nxc3 12. bxc3 c5 13. Ne5 Rd8 14. Qc2 Nc6 15. Nf3 Rac8 16. Qb2 e5 17. Bf5 Rc7 18. Rfd1 g6 19. Bc2 e4 20. Nd2 Na5 21. Ba4 Rdc8 22. Rac1 h5 23. Bb3 h4 24. h3 Kh7 25. Nc4 Nxc4 26. Bxc4 cxd4 27. Be2 d3 28. Bf1 Qf6 29. Qa3 a5 30. Qb3 Rxc3 31. Rxc3 Rxc3 32. Qb5 Rc2 33. Qd7 Bc8 34. Qd5 Qxf2+ 35. Kh1 Qf5 36. Qd8 g5 37. Bxd3 exd3 38. Qxd3 Qxd3 39. Rxd3 Be6 40. Rd6 b5 41. a3 b4 42. axb4 axb4 43. Rb6 b3 44. Rb5 b2 45. Rxg5 b1=Q+ 46. Kh2 Qb2 0-1


[Site "https://www.chess.com"]

[Event "Titled Tuesday Blitz November 15 Early 2022"]
[White "Kopczynski, Michal"]
[Black "Bortnyk, Olexandr"]
[WhiteFideId "1124200"]
[BlackFideId "14120828"]
[WhiteElo "2235"]
[BlackElo "2723"]
[Result "0-1"]
[Round "01"]
[TimeControl "180+1"]
[Date "2022.11.15"]
[WhiteClock "0:00:41"]
[BlackClock "0:02:17"]

1. e4 Nf6 2. e5 Nd5 3. d4 d6 4. exd6 exd6 5. Bd3 Be7 6. c4 Nb6 7. Nc3 O-O 8. Nge2 c6 9. O-O Na6 10. a3 d5 11. c5 Nd7 12. Bf4 Nc7 13. Qc2 g6 14. Rfe1 Ne6 15. Bh6 Re8 16. Nd1 Bf6 17. Be3 b6 18. b4 bxc5 19. bxc5 Ndxc5 20. dxc5 Bxa1 21. Nb2 Bxb2 22. Qxb2 Ba6 23. Bxa6 Qa5 24. Bd2 Qxa6 25. Ng3 Qd3 26. Bh6 Qd4 27. Qb7 Nxc5 28. Rxe8+ Rxe8 29. Qb1 Nd3 0-1


[Site "https://www.chess.com"]